AoeStats
← miaousyo

Arabia

507455936Analyzed
2v2 RM · 13d ago on Sep 18, 2026· 33m 29s· 4 players
Game mode
Random Map
Map size
Medium (4 player)
Population
200
Speed
Normal
Resources
Standard
Victory
Conquest
Starting age
Dark Age
Ending age
Imperial Age
RankedLock teamsTeams togetherTeam positionsShared explorationLock speedFull tech treeHidden civsTurbo modeCheats
Victory
Defeat
🇫🇷 Mongols · France
967
+11
🇫🇷 Goths · France
867
+16
🇳🇱 Gurjaras · Netherlands
877
-14
🇺🇸 Malay · United States
840
-13
stephenskocpol
5:47 Loom
10:59 Feudal Age
12:44 Double-Bit Axe
15:41 Stone Mining
18:35 Castle Age
16:55 Horse Collar
19:40 Scale Mail Armor
19:51 Forging
19:53 Fletching
20:23 Town Watch
67676767676767676767676767676767
0:29 Loom
13:00 Feudal Age
17:42 Castle Age
19:15 Forging
20:45 Arson
22:37 Squires
24:37 Iron Casting
a-pb
7:16 Loom
9:32 Feudal Age
15:15 Fletching
20:42 Castle Age
20:17 Gold Mining
21:10 Crossbowman
23:16 Bodkin Arrow
29:03 Padded Archer Armor
miaousyo
11:55 Feudal Age
10:12 Loom
12:47 Double-Bit Axe
19:07 Castle Age
24:30 Crossbowman
Connection lost

Rejoining the realm…

Still unreachable

The connection could not be restored.

Session expired

The server has moved on; the page needs a fresh start.